 Dungeon Crawl Stone Soup version 0.32-a0-834-geaf45d8e21 (webtiles) character file.

Game seed: 9452111110698782506

322 AstroCodex24 the Chopper (level 6, -3/48 HPs)
             Began as a Vampire Fighter on Mar 26, 2024.
             Slain by an ogre
             ... wielding a +0 giant spiked club
              (28 damage)
             ... on level 7 of the Dungeon.
             The game lasted 00:05:31 (1074 turns).

AstroCodex24 the Chopper (Vampire Fighter)          Turns: 1074, Time: 00:05:31

Health: -3/48      AC:  8    Str: 17    XL:     6   Next: 22%
Magic:  6/6        EV:  8    Int: 11    God:
Gold:   184        SH:  4    Dex: 13    Spells: 5/5 levels left

rFire   + + .        a - +0 war axe
rCold   + . .        c - +0 buckler
rNeg    . . .        i - +2 scale mail {rF+}
rPois   +            (no helmet)
rElec   +            (no cloak)
rCorr   +            (no gloves)
SInv    +            (no boots)
Will    .....        (no amulet) Stlth
                     (no ring)
HPRegen 0.48/turn    (no ring)
MPRegen 0.10/turn

%: no passive effects
@: resistant, healing quickly
A: alive, fangs 3, see invisible, vampiric 2
a: Exsanguinate


You were on level 7 of the Dungeon.
You visited 1 branch of the dungeon, and saw 7 of its levels.

You collected 184 gold pieces.

Inventory:

Hand Weapons
 a - a +0 war axe (weapon)
Armour
 c - a +0 buckler (worn)
 i - a +2 scale mail of fire resistance (worn)
Scrolls
 e - a scroll of teleportation {unknown}
 g - a scroll of identify
 h - a scroll of noise {unknown}
Potions
 d - a potion of might


   Skills:
 + Level 3.9 Fighting
 + Level 4.1 Axes
 + Level 3.3 Armour
 + Level 0.6 Dodging
 + Level 0.3 Stealth
 + Level 3.3 Shields


You had 5 spell levels left.
You didn't know any spells.
Your spell library contained the following spells:

 Spells                   Type           Power      Damage    Failure   Level
 Magic Dart               Conj           0%         1d3       83%         1
 Blink                    Tloc           0%         N/A       92%         2
 Call Imp                 Summ           0%         N/A       92%         2


Dungeon Overview and Level Annotations

Branches:
Dungeon (7/15)
 Temple: D:4-7

Altars:

Portals:
Ossuary: D:7


Innate Abilities, Weirdness & Mutations

Your natural rate of healing is accelerated.
You have razor-sharp teeth.
You have supernaturally acute eyesight. (SInv)
You are afflicted with vampirism and can become a bat while bloodless.


Message History

You feel very sick. The water moccasin barely misses you.
An ogre comes into view. It is wielding a +0 giant spiked club.
The water moccasin bites you.
The ogre shouts!
You slash the water moccasin!
The water moccasin is severely wounded.
You feel very sick.
The water moccasin bites you but does no damage.
The water moccasin bites you.
An orc warrior comes into view. It is wielding a +0 scimitar.
It was a potion of curing.
You feel better.
The orc warrior shouts!
You hear a shout!
The water moccasin bites you.
You slash the water moccasin!
You kill the water moccasin!
You barely miss the orc.
An orc comes into view. It is wielding a +0 whip.
The orc barely misses you.
Your Axes skill increases to level 4!
You have reached level 6!
As you read the scroll labelled JUOKANG GEIR, it crumbles to dust.
It is a scroll of identify.
b - a scroll of enchant armour The orc hits you but does no damage.
The orc hits you with a +0 short sword.
Okay, then.
As you read the scroll of enchant armour, it crumbles to dust.
Your +1 scale mail of fire resistance glows green for a moment.
The orc barely misses you. The orc hits you but does no damage.
The orc attacks as it pursues you! The orc barely misses you.
The orc hits you with a +0 short sword. The orc attacks as it pursues you!
The orc hits you with a +0 short sword. The ogre completely misses you.
The orc hits you but does no damage.
It was a potion of resistance.
You feel protected. The orc hits you but does no damage.
The ogre hits you with a +0 giant spiked club!!
Ouch! That really hurt!
You die...

#.......### ##...##
..........### .....#
###..........
##.#†####### #
#.####..###.#...........
#.##.....##.#....#######
#.##.#.........#.#
#..[....###..oo.o#
#.......###.#Oo###
#....#......##@#
#.∩..##.######.####
#....##.# #.......#
#.......# #.......#
#.......# #.......#
#.##.##.#
#......####++#### #.##.#
.# #......#≈≈≈..§§§#
#.##.# .#
#......#≈≈≈..≈≈≈# #.##.#
.# #......#≈≈≈≈.≈≈≈#


You could see an orc warrior, an ogre and 2 orcs.

Vanquished Creatures
  A water moccasin (D:7)
  A phantom (D:5)
  A hound (D:5)
  A jelly (D:6)
  An iguana (D:3)
  2 adders
  A white imp (D:5)
  5 orcs
  A giant cockroach (D:1)
  A goblin (D:3)
  2 hobgoblins
  6 jackals
  A quokka (D:4)
  2 ball pythons
  4 bats (D:2)
  3 frilled lizards
  A goblin zombie (D:7)
  2 kobolds
36 creatures vanquished.

Notes
Turn   | Place    | Note
-------+----------+-------------------------------------------
     0 | D:1      | AstroCodex24 the Vampire Fighter began the quest for the
                  | Orb.
     0 | D:1      | Reached XP level 1. HP: 17/17 MP: 1/1
    13 | D:1      | Found a faded altar of an unknown god.
   185 | D:2      | Reached XP level 2. HP: 15/23 MP: 2/2
   191 | D:2      | Reached skill level 2 in Axes
   347 | D:3      | Gained mutation: You are afflicted with vampirism and can
                  | become a bat while bloodless. [Vampire growth]
   347 | D:3      | Reached XP level 3. HP: 11/29 MP: 3/3
   448 | D:3      | Reached XP level 4. HP: 17/35 MP: 4/4
   601 | D:5      | Entered Level 5 of the Dungeon
   606 | D:5      | Noticed a phantom
   622 | D:5      | Killed a phantom
   623 | D:5      | Reached skill level 3 in Axes
   623 | D:5      | Reached XP level 5. HP: 42/42 MP: 5/5
   952 | D:7      | Found a sand-covered staircase.
  1054 | D:7      | Noticed a water moccasin
  1061 | D:7      | Noticed an ogre
  1062 | D:7      | Noticed an orc warrior
  1064 | D:7      | Killed a water moccasin
  1065 | D:7      | Reached skill level 4 in Axes
  1065 | D:7      | Reached XP level 6. HP: 30/48 MP: 6/6
  1074 | D:7      | Slain by an ogre

Illustrated notes

Levels and vault maps discovered:
D:1:      tarquinn_simple_flora_water_c, layout_basic, serial_shops, shop,
          ebering_ecumenical_altar_rust
D:2:      layout_basic, basic_altar, minmay_tripent
D:3:      layout_rooms, lemuel_doored_altar
D:4:      layout_loops_cross, lemuel_crystal_altar, serial_shops,
          nicolae_shop_advertising_works [nicolae_subvault_shop_adworks],
          uniq_pikel
D:5:      layout_loops_ring, lemuel_round_altar, st_stairs_4,
          serial_park_tiny_1, uniq_menkaure
D:6:      layout_loops_cross, minmay_temple_entry_drinking_statues,
          serial_bayou, serial_bayou_pond_b, serial_bayou_shore_a,
          serial_bayou_pond_d, serial_bayou_lake_a, minmay_misc_feat_rugged
D:7:      layout_loops_cross, nicolae_qazlal_general_emergency, enter_ossuary_3,
          kennysheep_generic_room_4

Skill      XL: |  1  2  3  4  5 |
---------------+----------------+-----
Axes           | 2 3 4 |  4.1
Fighting       | 3 |  3.9
Shields        | 3 |  3.3
Armour         | 3 |  3.3
Dodging        | |  0.6
Stealth        | |  0.3

Action                     |  1- 3 |  4- 6 || total
---------------------------+-------+-------++-------
  Melee: War axe           |    53 |    45 ||    98
         Bite              |     3 |     2 ||     5
    Use: Potion            |     1 |     2 ||     3
         Scroll            |       |     2 ||     2
 Armour: Scale mail        |    74 |    55 ||   129
  Dodge: Dodged            |    29 |    26 ||    55
  Block: Buckler           |    29 |    14 ||    43

Table legend: (Time is in decaauts)
 A = Elapsed time spent in this place.
 B = Non-inter-level travel time spent in this place.
 C = Inter-level travel time spent in this place.
 D = Time resting spent in this place.
 E = Time spent auto-exploring this place.
 F = Levels seen in this place.
 G = Mean time per level.
                   A        B        C        D        E       F      G
               +--------+--------+--------+--------+--------+-----+--------+
         Total |   1114 |   1113 |      1 |      0 |      0 |   7 |  159.1 |
       Dungeon |   1114 |   1113 |      1 |      0 |      0 |   7 |  159.1 |
               +--------+--------+--------+--------+--------+-----+--------+

Top non-repeatable levels by time:
     D:3: 244 daAuts
     D:5: 188 daAuts
     D:1: 176 daAuts
     D:6: 150 daAuts
     D:2: 149 daAuts
     D:7: 147 daAuts
     D:4: 58 daAuts
